 Dungeon Crawl Stone Soup version 0.22-a0-570-g58866f5 (webtiles) character file.

4755 royokou the Destroyer (level 10, -3/60 HPs)
             Began as a Deep Elf Conjurer on July 1, 2018.
             Was a Follower of Vehumet.
             Slain by a white ugly thing (17 damage)
             ... on level 8 of the Dungeon.
             The game lasted 01:02:18 (9682 turns).

royokou the Destroyer (Deep Elf Conjurer)           Turns: 9682, Time: 01:02:19

Health: -3/60      AC:  7    Str:  6    XL:     10   Next: 23%
Magic:  1/24       EV: 17    Int: 23    God:    Vehumet [*.....]
Gold:   444        SH:  3    Dex: 15    Spells: 7/25 levels left

rFire    . . .     SeeInvis .   p - +1 rapier
rCold    . . .     Gourm    .   (no shield)
rNeg     . . .     Faith    .   A - +0 leather armour
rPois    .         Spirit   .   (no helmet)
rElec    .         Reflect  +   (no cloak)
rCorr    .         Harm     .   D - +0 pair of gloves
MR       +....                  k - +1 pair of boots
Stlth    ++........             i - +3 amulet of reflection
HPRegen  0.20/turn              w - +1 ring of protection
MPRegen  0.19/turn              (no ring)

@: no status effects
A: no striking features
a: Renounce Religion


You were on level 8 of the Dungeon.
You worshipped Vehumet.
Vehumet was aware of your devotion.
You were not hungry.

You visited 2 branches of the dungeon, and saw 10 of its levels.

You collected 444 gold pieces.

Inventory:

Hand Weapons
 p - a +1 rapier (weapon)
Armour
 b - a +0 pair of gloves
 k - a +1 pair of boots (worn)
 o - a +0 robe
 r - a +0 robe
 z - a +0 scale mail of cold resistance
 A - a +0 leather armour (worn)
 D - a +0 pair of gloves (worn)
Jewellery
 i - a +3 amulet of reflection (around neck)
 s - an uncursed ring of ice
 w - a +1 ring of protection (left hand)
 C - an uncursed ring of wizardry {unknown}
Wands
 d - a wand of flame (36)
 h - a wand of acid (16)
 y - a wand of random effects (30)
Scrolls
 e - 2 scrolls of remove curse
 q - 2 scrolls of fear
 u - a scroll of magic mapping
 v - a scroll of random uselessness {unknown}
 x - 4 scrolls of identify
Potions
 a - 2 potions of mutation
 f - 4 potions of curing
 g - 2 potions of agility
 j - a potion of haste
 l - a potion of ambrosia
 m - 2 potions of cancellation {unknown}
 n - a potion of flight
 t - a potion of brilliance {unknown}
 B - 2 potions of heal wounds {unknown}
 F - a potion of lignification {unknown}
Comestibles
 c - 13 rations
 E - a chunk of flesh


   Skills:
 + Level 6.2 Fighting
 + Level 9.4 Dodging
 - Level 2.4 Stealth
 - Level 8.2 Spellcasting
 - Level 9.5 Conjurations
 - Level 3.2 Hexes
 - Level 3.4 Translocations


You had 7 spell levels left.
You knew the following spells:

 Your Spells              Type           Power        Failure   Level  Hunger
a - Magic Dart            Conj           ####         1%          1    None
b - Searing Ray           Conj           ######       1%          2    None
c - Dazzling Spray        Conj/Hex       #####.       2%          3    None
d - Iskenderun's Mystic   Conj           ######..     1%          4    ##.....
e - Fulminant Prism       Conj/Hex       #####.....   8%          4    ##.....
f - Force Lance           Conj/Tloc      #####...     8%          4    ##.....

Your spell library contained the following spells:

 Spells                   Type           Power        Failure   Level  Hunger
 Lightning Bolt           Conj/Air       ####......   38%         5    #####..
 Shock                    Conj/Air       ####         1%          1    None
 Swiftness                Chrm/Air       #.......     16%         2    None
 Airstrike                Air            #.........   71%         4    ##.....
 Static Discharge         Conj/Air       ####....     4%          3    None


Dungeon Overview and Level Annotations

Branches:
Dungeon (9/15)             Temple (1/1) D:4
   Lair: D:8-11         Orc: D:9-12

Altars:
Ashenzari
Cheibriados
Dithmenos
Elyvilon
Gozag
Hepliaklqana
Kikubaaqudgha
Nemelex Xobeh
Okawaru
Qazlal
Ru
Sif Muna
Trog
Uskayaw
Vehumet
Wu Jian
Xom
Yredelemnul
Zin
The Shining One


Message History

Aim: a white ugly thing The orb of energy hits the white ugly thing.
The white ugly thing is moderately wounded.
The orb of energy explodes!
The white ugly thing bites you! The white ugly thing freezes you!!
Casting: Iskenderun's Mystic Blast (safe; 1% risk of failure)
Confirm with . or Enter, or press ? or * to list all spells.
Aiming: Searing Ray (safe; 1% risk of failure)
Press: ? - help, Shift-Dir - straight line, f/p - white ugly thing
Aim: a white ugly thing (moderately wounded)
The searing ray hits the white ugly thing.
The white ugly thing is moderately wounded. (Press . to maintain the ray.)
The white ugly thing barely misses you.
You hit the white ugly thing.
The white ugly thing is moderately wounded.
The white ugly thing bites you!
* * * LOW HITPOINT WARNING * * *
The white ugly thing freezes you!
You die...

.############### ##.#.## #<.##
...............###.###.#### ##.##
<.................## ##p..# #.#
...............###.###.##.# #.#
################ ##.#.###.# #.#
#.# ##.## #p# #.# ## #.# #.# #.#
#.# .# #.# #######.# #.# #.# .#
#.# #..@u>#.# #.# #.# .# #.#
#####.#.# #.####.## .# #.#
#....#..# #.##..... .### ##.####
#.###.### ##.##.#.## ...# #..##.#
#.##..# #.......## ...###.###.#
#.##.## #.........
...........###.##.######.###.####
.###..###.p...#..........# #.###
.# #..# ######.##.##########...##


You could see a white ugly thing.

Vanquished Creatures
  2 two-headed ogres
  Pikel (D:7)
  3 hippogriffs
  A spriggan (D:7)
  Menkaure (D:7)
  A phantom (D:6)
  A sky beast (D:8)
  5 ogres
  A centaur (D:8)
  2 big kobolds (D:8)
  Blork the orc (D:5)
  3 bullfrogs
  A scorpion (D:9)
  3 howler monkeys (D:7)
  A bullfrog zombie (D:7)
  A crimson imp (D:7)
  3 hounds
  Crazy Yiuf (D:4)
  A bullfrog skeleton (D:7)
  4 orc priests
  A centaur skeleton (D:5)
  2 jellies
  3 iguanas
  4 orc wizards
  8 worker ants
  A hound zombie (D:6)
  A hound skeleton (D:6)
  8 adders
  A shadow imp (D:6)
  An ooze (D:4)
  An adder skeleton (D:9)
  An adder zombie (D:7)
  4 worms
  2 dart slugs
  5 leopard geckos
  16 orcs
  4 bats
  5 giant cockroaches
  4 goblins
  7 hobgoblins
  9 jackals
  6 quokkas
  3 ball pythons
  5 frilled lizards
  16 kobolds
  A leopard gecko skeleton (D:6)
  3 rats
159 creatures vanquished.

Vanquished Creatures (others)
  A leopard gecko (D:7)
  An orc (D:7)
  13 fulminant prisms
15 creatures vanquished.

Grand Total: 174 creatures vanquished

Notes
Turn   | Place    | Note
-------+----------+-------------------------------------------
     0 | D:1      | royokou the Deep Elf Conjurer began the quest for the Orb.
     0 | D:1      | Reached XP level 1. HP: 10/10 MP: 6/6
   302 | D:1      | Reached XP level 2. HP: 15/15 MP: 6/8
   306 | D:1      | Learned a level 2 spell: Searing Ray
   828 | D:2      | Reached skill level 5 in Conjurations
   828 | D:2      | Reached XP level 3. HP: 19/19 MP: 2/10
  1080 | D:2      | Learned a level 3 spell: Dazzling Spray
  1099 | D:2      | Reached XP level 4. HP: 21/24 MP: 5/12
  1185 | D:2      | Learned a level 4 spell: Iskenderun's Mystic Blast
  1496 | D:2      | Reached skill level 5 in Spellcasting
  2057 | D:3      | Found a snail-covered altar of Cheibriados.
  2057 | D:3      | Found a basalt altar of Yredelemnul.
  2102 | D:3      | Found a shadowy altar of Dithmenos.
  2141 | D:3      | Reached XP level 5. HP: 28/28 MP: 11/14
  2147 | D:3      | Learned a level 4 spell: Fulminant Prism
  2341 | D:3      | Reached skill level 1 in Hexes
  2687 | D:4      | Noticed an ogre
  2691 | D:4      | Killed an ogre
  2691 | D:4      | Reached XP level 6. HP: 32/32 MP: 3/16
  2927 | D:4      | Found a staircase to the Ecumenical Temple.
  3125 | D:5      | Entered Level 5 of the Dungeon
  3414 | Temple   | Entered the Ecumenical Temple
  3516 | Temple   | Became a worshipper of Vehumet
  3647 | D:4      | Found a runed door.
  3669 | D:4      | Reached XP level 7. HP: 34/36 MP: 13/18
  3767 | D:4      | You fall through a shaft!
  3831 | D:5      | Noticed Blork the orc
  3834 | D:5      | Killed Blork the orc
  4182 | D:4      | Found an ornate altar of the Wu Jian Council.
  4606 | D:4      | Noticed Crazy Yiuf
  4609 | D:4      | Killed Crazy Yiuf
  4656 | D:4      | Learned a level 4 spell: Force Lance
  4841 | D:6      | Reached skill level 1 in Translocations
  4936 | D:6      | Noticed a two-headed ogre
  5095 | D:6      | Killed a two-headed ogre
  5095 | D:6      | Reached XP level 8. HP: 41/41 MP: 1/22
  5265 | D:6      | Reached skill level 1 in Fighting
  5531 | D:6      | Noticed a hippogriff
  5766 | D:6      | Killed a hippogriff
  5766 | D:6      | Reached * piety under Vehumet
  5766 | D:6      | Offered knowledge of Sting by Vehumet.
  6270 | D:7      | Noticed a hippogriff
  6279 | D:7      | Noticed Menkaure
  6280 | D:7      | Killed a hippogriff
  6280 | D:7      | Reached skill level 5 in Dodging
  6280 | D:7      | Reached XP level 9. HP: 46/49 MP: 11/23
  6282 | D:7      | Killed Menkaure
  6881 | D:7      | Noticed Pikel
  6892 | D:7      | Killed Pikel
  7447 | D:8      | Noticed a two-headed ogre
  7463 | D:8      | Killed a two-headed ogre
  7463 | D:8      | Reached skill level 5 in Fighting
  7463 | D:8      | Reached XP level 10. HP: 59/59 MP: 4/24
  8115 | D:8      | Offered knowledge of Sandblast by Vehumet.
  8671 | D:8      | Noticed a death knight
  9676 | D:8      | Noticed a white ugly thing
  9682 | D:8      | Slain by a white ugly thing

Vault maps used:
D:1:      minmay_arrival_stair_chambers
D:2:      first_ration, serial_bayou_lake_a
D:3:      nicolae_dithmenos_shadow_blocks, gammafunk_temple_overflow_elements,
          small_statue_intersection
D:4:      kennysheep_mini_moat, minmay_temple_entry_from_below_a,
          uniq_crazy_yiuf_cottage
D:5:      uniq_blork_the_orc
D:7:      the_bakery, minivault_4, uniq_menkaure, uniq_pikel
D:8:      minmay_cornered_nines, serial_co_window_serial, co_window_paths_a,
          co_window_paths_b, co_window_paths_a, co_window_paths_a,
          co_window_of_opportunity_a, co_window_paths_b, co_window_cross_1,
          co_window_corner_b, co_window_broadway_b, co_window_broadway_a,
          co_window_unsneaky_path_a
D:9:      amethyst_overflow_temple_binary, erik_orc_3, serial_shops,
          kennysheep_little_box
Temple:   eino_temple_rhombus

Skill      XL: |  1  2  3  4  5  6  7  8  9 10 |
---------------+-------------------------------+-----
Spellcasting   | 4 5 6 8 |  8.2
Conjurations   | 5 6 7 9 |  9.5
Hexes          | 2 3 |  3.2
Translocations | 3 |  3.4
Fighting       | 2 5 6 |  6.2
Dodging        | 5 8 9 |  9.4
Stealth        | |  2.4

Action                   |  1- 3 |  4- 6 |  7- 9 | 10-12 || total
-------------------------+-------+-------+-------+-------++-------
Melee: Dagger            |     4 |     6 |       |       ||    10
       Rapier            |       |     1 |    15 |     6 ||    22
 Cast: Magic Dart        |    35 |   102 |    78 |    17 ||   232
       Searing Ray       |     5 |    12 |    29 |     7 ||    53
       Iskenderun's Myst |       |    11 |    10 |    18 ||    39
       Force Lance       |       |       |    10 |    16 ||    26
       Fulminant Prism   |       |       |     6 |     7 ||    13
       Dazzling Spray    |       |       |     2 |       ||     2
  Use: Scroll            |     2 |     7 |     8 |       ||    17
       Potion            |       |       |     1 |       ||     1
  Eat: Chunk             |       |     9 |    11 |     3 ||    23
       Ration            |       |       |     1 |     2 ||     3
Armor: Robe              |     3 |     2 |     6 |       ||    11
       Leather armour    |       |       |     1 |     4 ||     5
Dodge: Dodged            |     3 |    14 |    35 |    18 ||    70
Block: Other             |     1 |       |     5 |     3 ||     9

Table legend:
 A = Spawn XP
 B = Non-spawn XP
 C = Spawn XP percentage of total XP
 D = Spawn monster count
 E = Non-spawn monster count
 F = Spawn count percentage of total count
 G = Total turns spent on level
                    A         B        C        D         E        F      G
               +---------+---------+-------+---------+---------+-------+---------
         Total |       0 |    6793 |   0.0 |       0 |     159 |   0.0 |  9682
               +---------+---------+-------+---------+---------+-------+---------
           D:1 |       0 |      21 |   0.0 |       0 |      13 |   0.0 |   816
           D:2 |       0 |     151 |   0.0 |       0 |      22 |   0.0 |  1127
           D:3 |       0 |     137 |   0.0 |       0 |      23 |   0.0 |   744
           D:4 |       0 |     364 |   0.0 |       0 |      17 |   0.0 |  1237
           D:5 |       0 |     304 |   0.0 |       0 |      12 |   0.0 |   944
           D:6 |       0 |    1745 |   0.0 |       0 |      24 |   0.0 |  1230
           D:7 |       0 |    1683 |   0.0 |       0 |      18 |   0.0 |  1627
           D:8 |       0 |    2150 |   0.0 |       0 |      23 |   0.0 |  1693
           D:9 |       0 |     238 |   0.0 |       0 |       7 |   0.0 |   150
               +---------+---------+-------+---------+---------+-------+---------
